 Dungeon Crawl Stone Soup version 0.31-a0-750-gfe7b580527 (webtiles) character file.

Game seed: 8618059365230810800

6953 Demosthentine the Fighter (level 10, -1/74 (76) HPs)
             Began as a Demonspawn Gladiator on Sept 11, 2023.
             Was a Follower of Hepliaklqana.
             Killed from afar by Maurice (7 damage)
             ... with a puff of flame
             ... on level 8 of the Dungeon on Sept 14, 2023.
             The game lasted 00:17:02 (8473 turns).

Demosthentine the Fighter (Demonspawn Gladiator)    Turns: 8473, Time: 00:17:03

HP:   -1/74 (76)    AC: 10    Str: 16    XL:     10   Next: 80%
MP:   14/14         EV: 16    Int: 10    God:    Hepliaklqana [*.....]
Gold: 0             SH:  5    Dex: 17    Spells: 9/9 levels left

rFire   . . .        a - +1 trident
rCold   + . .        (no shield)
rNeg    . . .        B - +0 leather armour {rC+}
rPois   .            c - +0 helmet
rElec   .            p - +0 cloak
rCorr   .            f - +2 pair of gloves
SInv    .            (no boots)
Will    .....        n - amulet of reflection
Stlth   +            h - +4 ring of slaying
HPRegen 0.32/turn    (no ring)
MPRegen 0.28/turn

%: reflection
@: lightly drained
A: reduced essence, hooves 2, rugged brown scales 1, demonic guardian 2, magic
regeneration
a: Renounce Religion, Recall Ancestor, Ancestor Identity


You were on level 8 of the Dungeon.
You worshipped Hepliaklqana.
Hepliaklqana was aware of your devotion.
You visited 2 branches of the dungeon, and saw 10 of its levels.

You collected 247 gold pieces.
You spent 247 gold pieces at shops.

Inventory:

Hand Weapons
 a - a +1 trident (weapon)
Missiles
 e - a javelin
Armour
 c - a +0 helmet (worn)
 f - a +2 pair of gloves (worn)
 p - a +0 cloak (worn)
 B - a +0 leather armour of cold resistance (worn)
Jewellery
 h - a +4 ring of slaying (left hand)
 n - an amulet of reflection (around neck)
 y - a ring of protection from cold
Wands
 g - a wand of digging (12)
Scrolls
 j - 2 scrolls of teleportation
 m - 2 scrolls of immolation
 s - a scroll of identify
 t - a scroll of vulnerability
 w - 2 scrolls of poison
 x - a scroll of amnesia
Potions
 d - 2 potions of curing
 k - 2 potions of brilliance
 l - a potion of heal wounds
 q - 3 potions of mutation
 u - a potion of resistance
 v - 2 potions of enlightenment
 z - a potion of attraction


   Skills:
 + Level 8.5 Fighting
 + Level 8.0 Polearms
 - Level 1.7 Throwing
 - Level 6.2 Armour
 + Level 8.0 Dodging
 + Level 2.4 Shields
 + Level 5.5 Invocations


You had 9 spell levels left.
You didn't know any spells.
Your spell library contained the following spells:

 Spells                   Type           Power      Damage    Failure   Level
 Freeze                   Ice            0%         1d3       41%         1
 Kiss of Death            Conj/Necr      0%         2d5       41%         1
 Confusing Touch          Hex            0%         N/A       80%         3
 Frozen Ramparts          Ice            0%         1d1       80%         3
 Hailstorm                Conj/Ice       0%         3d3       80%         3
 Tukima's Dance           Hex            0%         N/A       80%         3
 Anguish                  Hex/Necr       0%         N/A       99%         4
 Animate Armour           Summ/Erth      0%         N/A       99%         4
 Dimensional Bullseye     Hex/Tloc       0%         N/A       99%         4
 Dispel Undead            Necr           0%         3d6       99%         4
 Iskenderun's Mystic Bla  Conj/Tloc      0%         2d3       99%         4
 Summon Ice Beast         Ice/Summ       0%         N/A       99%         4


Dungeon Overview and Level Annotations

Branches:
Dungeon (9/15)             Temple (1/1) D:6             Orc (0/2) D:9
   Lair: D:8-11

Altars:
Ashenzari
Dithmenos
Fedhas
Gozag
Hepliaklqana
Makhleb
Nemelex Xobeh
Okawaru
Qazlal
Ru
Sif Muna
Trog
Uskayaw
Vehumet
Wu Jian
Xom
Yredelemnul

Shops:
D:1 [   D:4 [[   D:6 *   D:8 :?

Annotations:
D:4 3 runed translucent doors, dialectric's ghost, amateur OpFi; greynaab's ghost, novice KoHu
D:8 Maurice


Innate Abilities, Weirdness & Mutations

Your life essence is reduced to manifest your ancestor. (-10% HP)
You have hoof-like feet.
You are partially covered in rugged brown scales. (AC +1, +3% HP)
A demonic guardian rushes to your aid.
You regenerate magic rapidly.


Message History

The killer bee stings you but does no damage.
You hear some strange, mumbled words.
Unknown command.
You closely miss the killer bee.
The killer bee is almost dead.
The killer bee stings you but does no damage.
The killer bee closely misses you.
A throwing net appears from out of thin air!
Deactivating autopickup; reactivate with Ctrl-A.
The throwing net barely misses you.
You puncture the killer bee!
You kill the killer bee!
Unknown command.
Something hits you. Something steals your ring of flight!
You puncture something! You kick something!
Something hits you but does no damage.
You hit something. You kick something. Something hits you.
Something steals your 4 silver javelins!
You hit something. You barely miss something. Your kick misses something.
Something hits you.
Something steals 30 gold pieces!
You now have 68 gold pieces.
Something blocks your attack.
Your kick misses something. Something barely misses you.
You barely miss something. Your kick misses something. Something hits you.
* * * LOW HITPOINT WARNING * * *
Something steals 68 gold pieces!
You now have 0 gold pieces.
You miss something.
You hear a zap.
A puff of flame appears from out of thin air!
The puff of flame hits you.
* * * LOW HITPOINT WARNING * * *
You hit something. Your kick misses something. Something hits you!
* * * LOW HITPOINT WARNING * * *
A demonic guardian appears!
Something mutters, "Now where did you hide it?"
You puncture something!
You hear a zap.
A puff of flame appears from out of thin air!
The puff of flame hits you!
You die...

##.######## ########
#.##
###......###..#######
#....................
#........####........
#....##.###.....##...
#...........###......
#......[....# ###....
#..{@4>.(...# #....
#....†......# #....
#...........# #....
####........## ##....
#.........# #.....
#.........# #.....
#.........# #.#...
#####.#.#.###.....
#.#...##...#..


You could see a friendly orange demon (summoned).

Vanquished Creatures
  A two-headed ogre (D:8)
  A sixfirhy (D:8)
  An unseen horror (D:8)
  A troll (D:9)
  3 wyverns
  Menkaure (D:4)
  Edmund (D:6)
  An acid dragon (D:9)
  A water moccasin (D:9)
  2 orc warriors
  An ice beast (D:7)
  2 black bears
  2 ogres
  2 kobold brigands
  2 gnoll sergeants
  4 scorpions
  9 wights
  A water moccasin skeleton (D:3)
  3 killer bees
  A gnoll bouda (D:5)
  3 hounds
  2 jellies (D:6)
  5 sleepcaps
  3 iguanas
  A scorpion zombie (D:3)
  4 orc wizards
  11 gnolls
  10 adders
  2 white imps
  2 ufetubi
  3 adder zombies (D:3)
  2 adder skeletons (D:3)
  2 worms (D:3)
  5 dart slugs
  20 orcs
  3 ball pythons
  8 endoplasms
  A giant cockroach (D:1)
  7 goblins
  7 hobgoblins
  12 jackals
  20 kobolds
  3 quokkas
  2 ball python skeletons (D:3)
  2 ball python zombies (D:3)
  4 bats
  5 frilled lizards
  A giant cockroach zombie (D:3)
  A jackal skeleton (D:3)
  A quokka skeleton (D:3)
  7 rats
199 creatures vanquished.

Vanquished Creatures (collateral kills)
  A catoblepas (D:9)
  A two-headed ogre (D:8)
  2 hornets
  A centaur (D:8)
  A wight (D:7)
  2 orc priests (D:8)
  A hound (D:7)
  2 iguanas
  An orc wizard (D:8)
  A gnoll (D:8)
  3 orcs (D:8)
16 creatures vanquished.

Vanquished Creatures (others)
  An orc wizard (D:6)
  6 ancestors
7 creatures vanquished.

Grand Total: 222 creatures vanquished

Notes
Turn   | Place    | Note
-------+----------+-------------------------------------------
     0 | D:1      | Demosthentine the Demonspawn Gladiator began the quest for
                  | the Orb.
     0 | D:1      | Reached XP level 1. HP: 16/16 MP: 1/1
   186 | D:1      | Gained mutation: You regenerate magic rapidly. [demonic
                  | ancestry]
   186 | D:1      | Reached XP level 2. HP: 22/22 MP: 2/2
   220 | D:1      | Got the Tractate on Deathly Adjuration
   221 | D:1      | Found Emoudwe's Antique Armour Shoppe.
   523 | D:1      | Reached skill level 1 in Armour
   582 | D:1      | Found a faded altar of an unknown god.
   632 | D:1      | Gained mutation: A weak demonic guardian rushes to your
                  | aid. [demonic ancestry]
   632 | D:1      | Reached XP level 3. HP: 28/28 MP: 3/3
  1120 | D:2      | Gained mutation: You have large cloven feet. [demonic
                  | ancestry]
  1120 | D:2      | Reached XP level 4. HP: 32/34 MP: 4/4
  1703 | D:3      | Reached XP level 5. HP: 18/41 MP: 5/5
  2364 | D:4      | Gained mutation: You have hoof-like feet. [demonic
                  | ancestry]
  2364 | D:4      | Reached XP level 6. HP: 20/47 MP: 6/6
  2521 | D:4      | Noticed a hornet
  2718 | D:4      | Found Giath's Antique Armour Boutique.
  2737 | D:4      | Noticed Menkaure
  2877 | D:4      | Killed Menkaure
  2878 | D:4      | Gained mutation: A demonic guardian rushes to your aid.
                  | [demonic ancestry]
  2878 | D:4      | Reached XP level 7. HP: 19/54 MP: 7/7
  3179 | D:4      | Found a runed translucent gate.
  3180 | D:4      | Found a runed translucent gate.
  3180 | D:4      | Found a runed translucent gate.
  3181 | D:4      | Noticed dialectric's ghost (amateur OpFi)
  3181 | D:4      | Noticed greynaab's ghost (novice KoHu)
  3288 | D:4      | Found Nuuthretu's Antique Armour Boutique.
  3434 | D:4      | Paralysed by a hornet for 3 turns
  3435 | D:4      | Killed a hornet
  3778 | D:5      | Entered Level 5 of the Dungeon
  3811 | D:5      | Found a shimmering blue altar of Sif Muna.
  3933 | D:5      | Found a sparkling altar of Nemelex Xobeh.
  3933 | D:5      | Found a bloodstained altar of Trog.
  3949 | D:5      | Found an ornate altar of the Wu Jian Council.
  3954 | D:5      | Found a hide-covered altar of Uskayaw.
  3956 | D:5      | Found a shimmering altar of Xom.
  4179 | D:5      | Reached skill level 5 in Dodging
  4213 | D:5      | Reached skill level 5 in Polearms
  4240 | D:5      | Reached skill level 5 in Fighting
  4240 | D:5      | Gained mutation: You are partially covered in rugged brown
                  | scales. (AC +1, +3% HP) [demonic ancestry]
  4240 | D:5      | Reached XP level 8. HP: 42/63 MP: 8/8
  4884 | D:6      | Noticed Edmund
  4896 | D:6      | Killed Edmund
  5028 | D:6      | Found a staircase to the Ecumenical Temple.
  5041 | Temple   | Entered the Ecumenical Temple
  5050 | Temple   | Became a worshipper of Hepliaklqana the Forgotten
  5463 | D:6      | Found Hyoliazo's General Store.
  5475 | D:6      | Reached skill level 5 in Armour
  5810 | D:7      | Reached XP level 9. HP: 65/71 MP: 9/9
  5840 | D:7      | Paralysed by a hornet for 3 turns
  6397 | D:7      | Reached * piety under Hepliaklqana
  6591 | D:7      | Identified the +3 halberd of Flying Slow Death {freeze,
                  | Str+2}
  6625 | D:7      | Found a sacrificial altar of Ru.
  6883 | D:8      | Noticed a two-headed ogre
  6884 | D:8      | Found Xupo's Magic Scroll Shoppe.
  6889 | D:8      | Killed a two-headed ogre
  6953 | D:8      | Bought a scroll of identify for 30 gold pieces
  6953 | D:8      | Bought a scroll of identify for 30 gold pieces
  6953 | D:8      | Bought a scroll of identify for 30 gold pieces
  6971 | D:8      | Found a runed translucent door.
  6971 | D:8      | Noticed a sixfirhy
  6975 | D:8      | Noticed a two-headed ogre
  6988 | D:8      | Killed a two-headed ogre
  6989 | D:8      | Reached XP level 10. HP: 58/73 MP: 9/11
  7115 | D:8      | Found Gyfa's Book Emporium.
  7671 | D:8      | Upgraded the game from 0.31-a0-728-g01b46875f1 to
                  | 0.31-a0-750-gfe7b580527
  7771 | D:4      | Bought a runed buckler for 157 gold pieces
  7875 | D:9      | Noticed a catoblepas
  7875 | D:9      | Found a staircase to the Orcish Mines.
  7894 | D:9      | Killed a catoblepas
  7895 | D:9      | Reached skill level 1 in Shields
  8060 | D:8      | Killed a sixfirhy
  8110 | D:9      | Reached skill level 5 in Invocations
  8438 | D:9      | Noticed Maurice
  8473 | D:8      | Killed from afar by Maurice

Illustrated notes

Levels and vault maps discovered:
D:1:      minmay_arrival_shattered_statue, layout_basic,
          shapermc_ecumenical_altar_mp_vishouse, serial_shops,
          nicolae_shop_pleasant_corner_grove
D:2:      wander_river, layout_loops_ring
D:3:      layout_loops_ring, serial_undead, serial_undead_a, serial_undead_e,
          serial_undead_e, serial_undead_a, serial_undead_c, serial_undead_c,
          serial_undead_a, serial_undead_a
D:4:      layout_cave_pods, serial_forest, infiniplex_forest_end_3,
          infiniplex_forest_lined_corner, infiniplex_forest_clump_tiny,
          infiniplex_forest_straight_3, infiniplex_forest_lined_corner,
          infiniplex_forest_side_room, infiniplex_forest_lined_room_2,
          gammafunk_ghost_cemetery, serial_shops, shop, nicolae_stop_n_shop_1,
          uniq_menkaure
D:5:      layout_loops_ring, chequers_temple_overflow_minitemple,
          lemuel_crystal_altar
D:6:      layout_loops_cross, minmay_temple_entry_offerings, serial_shops,
          shop_fountains, kennysheep_generic_room_7, uniq_edmund
D:7:      layout_basic, hangedman_ru_absence, st_stairs_6, minmay_joined_circles
D:8:      cheibrodos_shockbox, layout_rooms, serial_shops,
          nicolae_shop_advertising_works [nicolae_subvault_shop_adworks],
          kennysheep_little_box
D:9:      layout_cave_pools, orc_0_dummy, serial_glass, glass_columns_a,
          glass_columns_b, uniq_maurice, uniq_erica
Temple:   nicolae_temple_ecumenical_triangle

Skill      XL: |  1  2  3  4  5  6  7  8  9 10 |
---------------+-------------------------------+-----
Dodging        | 3 4 5 6 7 8 |  8.0
Polearms       | 3 4 5 6 7 8 |  8.0
Armour         | 1 2 3 4 5 6 |  6.2
Fighting       | 3 4 5 6 7 8 |  8.5
Invocations    | 2 5 |  5.5
Shields        | 2 |  2.4
Throwing       | |  1.7

Action                     |  1- 3 |  4- 6 |  7- 9 | 10-12 || total
---------------------------+-------+-------+-------+-------++-------
  Melee: Trident           |   130 |   188 |   268 |   155 ||   741
         Kick              |       |    56 |    81 |    37 ||   174
         Punch             |       |       |     5 |     3 ||     8
  Throw: Throwing net      |       |     2 |     1 |       ||     3
 Invoke: Recall Ancestor   |       |       |       |     1 ||     1
    Use: Scroll            |     1 |     4 |     8 |     5 ||    18
         Potion            |       |     2 |     1 |     2 ||     5
   Stab: Sleeping          |     3 |     2 |     2 |       ||     7
         Held in net/web   |       |     1 |     1 |       ||     2
         Distracted        |       |       |       |     2 ||     2
 Armour: Leather armour    |    59 |    71 |   121 |    82 ||   333
  Dodge: Dodged            |    79 |    69 |   128 |   105 ||   381
  Block: Other             |       |    12 |    54 |    32 ||    98
         Reflection        |       |       |     1 |     3 ||     4

Table legend: (Time is in decaauts)
 A = Elapsed time spent in this place.
 B = Non-inter-level travel time spent in this place.
 C = Inter-level travel time spent in this place.
 D = Time resting spent in this place.
 E = Time spent auto-exploring this place.
 F = Levels seen in this place.
 G = Mean time per level.
                   A        B        C        D        E       F      G
               +--------+--------+--------+--------+--------+-----+--------+
         Total |   8538 |   8162 |    376 |    383 |   6239 |  10 |  853.8 |
       Dungeon |   8520 |   8144 |    376 |    383 |   6239 |   9 |  946.7 |
        Temple |     18 |     18 |      0 |      0 |      0 |   1 |   18.0 |
               +--------+--------+--------+--------+--------+-----+--------+

Top non-repeatable levels by time:
     D:4: 1520 daAuts
     D:7: 1212 daAuts
     D:8: 1076 daAuts
     D:6: 1056 daAuts
     D:5: 1012 daAuts
     D:3: 923 daAuts
     D:2: 733 daAuts
     D:1: 669 daAuts
     D:9: 315 daAuts
  Temple: 18 daAuts
